 Dungeon Crawl Stone Soup version 0.29-a0-320-g9f8742066b (webtiles) character file.

Game seed: 17080769063325503679

230 Crownlay the Digger (level 6, -13/32 HPs)
             Began as a Gargoyle Earth Elementalist on Apr 2, 2022.
             Killed by divine providence
             ... invoked by an orc priest
              (14 damage)
             ... on level 3 of the Dungeon.
             The game lasted 00:04:00 (3451 turns).

Crownlay the Digger (Gargoyle Earth Elementalist)   Turns: 3451, Time: 00:04:02

Health: -13/32     AC:  7    Str: 10 (12) XL:     6   Next: 3%
Magic:  13/13      EV: 11    Int: 15 (17) God:
Gold:   92         SH:  0    Dex:  9 (10) Spells: 8/14 levels left

rFire   . . .      SeeInvis +   n - +2 dagger (flame)
rCold   . . .      Faith    .   (no shield)
rNeg    + . .      Spirit   .   b - +0 robe
rPois   ∞          Reflect  .   m - +0 hat
rElec   +          Harm     .   h - +0 cloak
rCorr   .          Rampage  .   (no gloves)
Will    .....                   (no boots)
Stlth   +.........              (no amulet)
HPRegen 0.10/turn               f - ring of wizardry
MPRegen 0.13/turn               j - ring of see invisible

@: confused
A: sickness immunity, AC +4, negative energy resistance 1, electricity
resistance, torment resistance 1, petrification resistance
a: no special abilities


You were on level 3 of the Dungeon.
You visited 1 branch of the dungeon, and saw 3 of its levels.

You collected 92 gold pieces.

Inventory:

Hand Weapons
 n - a +2 dagger of flaming (weapon)
Missiles
 a - 61 stones
Armour
 b - a +0 robe (worn)
 e - a +2 tower shield
 h - a +0 cloak (worn)
 l - a +0 buckler
 m - a +0 hat (worn)
Jewellery
 f - a ring of wizardry (left hand)
 j - a ring of see invisible (right hand)
 s - an amulet of faith
Wands
 r - a wand of flame (6)
Scrolls
 d - 2 scrolls of identify {unknown}
 k - a scroll of magic mapping {unknown}
 p - 2 scrolls of teleportation {unknown}
 q - a scroll of vulnerability {unknown}
Potions
 c - a potion of magic
 i - a potion of curing {unknown}
 o - a potion of lignification {unknown}
 t - a potion of heal wounds {unknown}


   Skills:
 - Level 1.5 Dodging
 - Level 2.1 Stealth
 * Level 4.7 Spellcasting
 - Level 0.7 Transmutations
 + Level 5.3 Earth Magic


You had 8 spell levels left.
You knew the following spells:

 Your Spells              Type           Power      Damage    Failure   Level
a - Sandblast             Erth           38%        2d10      1%          1
b - Passwall              Tmut/Erth      10%        N/A       3%          2
c - Stone Arrow           Conj/Erth      22%        3d8       7%          3

Your spell library contained the following spells:

 Spells                   Type           Power      Damage    Failure   Level
 Ensorcelled Hibernation  Hex/Ice        6%         N/A       11%         2
 Static Discharge         Conj/Air       3%         N/A       11%         2
 Spider Form              Tmut/Pois      4%         N/A       17%         3
 Petrify                  Tmut/Erth      12%        N/A       19%         4
 Anguish                  Hex/Necr       1%         N/A       52%         4
 Dispel Undead            Necr           3%         3d7       52%         4
 Sticky Flame             Conj/Fire      3%         2d3       52%         4


Dungeon Overview and Level Annotations

Branches:
Dungeon (3/15)

Altars:


Innate Abilities, Weirdness & Mutations

You are immune to sickness and miasma.
Your stone body is resilient. (AC +4)
You are immune to poison.
You resist negative energy. (rN+)
You are resistant to electric shocks. (rElec)
You are resistant to unholy torment.
You are immune to petrification.


Message History

The orc is heavily wounded.
The orc priest calls down the wrath of Beogh upon you.
Beogh smites you!
You closely miss the orc.
The orc is heavily wounded.
The orc hits you but does no damage.
You hit the orc. You burn the orc.
You kill the orc!
An orc wizard comes into view. It is wielding a +0 dagger.
The orc hits you with a +0 hand axe.
You barely miss the orc wizard.
The orc wizard hits you but does no damage.
The orc hits you but does no damage.
An orc comes into view. It is wielding a +0 morningstar.
You hit the orc priest. You burn the orc priest.
The orc priest is severely wounded.
The orc wizard points at you and mumbles some strange words.
You are confused.
The orc closely misses you.
The orc priest invokes the aid of Beogh against you.
You barely resist.
The orc priest attacks as you move away!
The orc priest hits you with a +0 falchion.
The orc wizard attacks as you move away!
The orc wizard hits you with a +0 dagger.
You're too confused to cast spells.
Sorry, you're not good enough to have a special ability.
Unknown command.
You're too confused to move!
The orc wizard hits you with a +0 dagger.
The orc priest calls down the wrath of Beogh upon you.
Beogh smites you!
* * * LOW HITPOINT WARNING * * *
It was a potion of degeneration.
There was something very wrong with that liquid.
You feel weakened.
You feel dopey.
You feel clumsy.
The orc wizard hits you but does no damage.
The orc priest calls down the wrath of Beogh upon you.
Beogh smites you!
You die...

# .# .# ### #.#
#.. ..#
#.####)?# #
#.#.@oo.# #.
#>#.##o##
##.######.#.##.#
#..............#
.........##.####
..##...###.#
#8...8##.#
##...##..# #...#
###


You could see an orc priest, an orc wizard and an orc.

Vanquished Creatures
  A scorpion (D:3)
  Jessica (D:2)
  Terence (D:2)
  Robin (D:2)
  3 adders (D:2)
  3 dart slugs
  An orc (D:3)
  6 ball pythons (D:1)
  5 bats
  7 endoplasms
  A giant cockroach (D:1)
  15 goblins
  8 hobgoblins
  7 jackals
  2 quokkas (D:1)
  4 kobolds
  3 rats
69 creatures vanquished.

Vanquished Creatures (others)
  A plant (D:2)
1 creature vanquished.

Grand Total: 70 creatures vanquished

Notes
Turn   | Place    | Note
-------+----------+-------------------------------------------
     0 | D:1      | Crownlay the Gargoyle Earth Elementalist began the quest
                  | for the Orb.
     0 | D:1      | Reached XP level 1. HP: 10/10 MP: 3/3
    84 | D:1      | Reached XP level 2. HP: 15/15 MP: 5/5
   259 | D:1      | Reached skill level 4 in Earth Magic
   593 | D:1      | Reached XP level 3. HP: 12/19 MP: 7/7
  1368 | D:1      | Learned a level 2 spell: Passwall
  1372 | D:1      | Learned a level 3 spell: Stone Arrow
  1805 | D:2      | Reached XP level 4. HP: 14/24 MP: 6/9
  1961 | D:2      | Noticed Terence
  1961 | D:2      | Noticed Robin
  1968 | D:2      | Killed Terence
  1977 | D:2      | Killed Robin
  1984 | D:2      | Reached XP level 5. HP: 22/28 MP: 2/11
  2279 | D:2      | Noticed Jessica
  2284 | D:2      | Killed Jessica
  2432 | D:2      | Reached skill level 5 in Earth Magic
  3253 | D:3      | Found a faded altar of an unknown god.
  3276 | D:3      | Reached XP level 6. HP: 26/32 MP: 13/13
  3450 | D:3      | HP: 1/32 [orc priest/divine providence (13)]
  3451 | D:3      | Killed from afar by an orc priest

Illustrated notes

Levels and vault maps discovered:
D:1:      sevenhm_arrival_forest_fort_small_3, layout_basic
D:2:      layout_loops_ring, grunt_decor_cap, serial_bayou_pond_b,
          corexii_corridor_pit, st_stairs_14, uniq_terence, uniq_robin,
          uniq_jessica
D:3:      layout_loops_corners, serial_shops, nicolae_shop_behind_doors,
          hellmonk_ecumenical_altar_lost_god, corexii_hall_statues_t,
          uniq_natasha, uniq_ijyb

Skill      XL: |  1  2  3  4  5 |
---------------+----------------+-----
Earth Magic    | 4 5 |  5.3
Spellcasting   | 3 4 |  4.7
Dodging        | |  1.5
Stealth        | |  2.1
Transmutations | |  0.7

Action                   |  1- 3 |  4- 6 || total
-------------------------+-------+-------++-------
Melee: Rapier            |    96 |     1 ||    97
       Dagger            |       |    95 ||    95
       Punch             |       |     2 ||     2
 Fire: Hunting sling     |     5 |       ||     5
 Cast: Sandblast         |     4 |    18 ||    22
  Use: Potion            |       |     1 ||     1
 Stab: Sleeping          |     3 |     5 ||     8
Armor: Robe              |    37 |    45 ||    82
Dodge: Dodged            |    73 |    68 ||   141

Table legend: (Time is in decaauts)
 A = Elapsed time spent in this place.
 B = Non-inter-level travel time spent in this place.
 C = Inter-level travel time spent in this place.
 D = Time resting spent in this place.
 E = Time spent auto-exploring this place.
 F = Levels seen in this place.
 G = Mean time per level.
                   A        B        C        D        E       F      G
               +--------+--------+--------+--------+--------+-----+--------+
         Total |   3471 |   3431 |     40 |      0 |   2880 |   3 | 1157.0 |
       Dungeon |   3471 |   3431 |     40 |      0 |   2880 |   3 | 1157.0 |
               +--------+--------+--------+--------+--------+-----+--------+

Top non-repeatable levels by time:
     D:1: 1637 daAuts
     D:2: 1381 daAuts
     D:3: 452 daAuts
